AoeStats
← Ndrangheta

Golden Pit

510193794Analyzed
1v1 RM · 3d ago on Sep 29, 2026· 51m 30s· 2 players
Game mode
Random Map
Map size
Tiny (2 player)
Population
200
Speed
Normal
Resources
Standard
Victory
Conquest
Starting age
Dark Age
Ending age
Imperial Age
RankedLock teamsTeams togetherTeam positionsShared explorationLock speedFull tech treeHidden civsTurbo modeCheats
Victory
Defeat
🇦🇷 Wei · Argentina
1462
+15
🇲🇽 Varangians · Mexico
1444
-15
Hoanga
9:50 Feudal Age
8:29 Loom
13:56 Castle Age
12:40 Double-Bit Axe
13:49 Horse Collar
21:17 Horse Collar
27:17 Husbandry
34:19 Imperial Age
32:25 Wheelbarrow
32:09 Scale Barding Armor
32:57 Bloodlines
34:07 Bow Saw
33:58 Heavy Plow
36:01 Chain Barding Armor
35:51 Forging
37:03 Cavalier
40:31 Elite Skirmisher
48:03 Stone Mining
48:14 Light Cavalry
51:26 Iron Casting
51:13 Pikeman
Ndrangheta
4:37 Loom
10:41 Feudal Age
15:01 Castle Age
14:08 Double-Bit Axe
19:50 Fletching
21:10 Scale Mail Armor
23:11 Bodkin Arrow
27:07 Stone Mining
27:13 Gold Mining
28:59 Ballistics
34:45 Bow Saw
36:18 Padded Archer Armor
38:00 Leather Archer Armor
41:24 Scale Barding Armor
41:29 Forging
42:47 Bloodlines
45:10 Thumb Ring
45:27 Chain Barding Armor
47:04 Iron Casting
49:17 Imperial Age
47:49 Husbandry
50:10 Heavy Hei Guang Cavalry
Connection lost

Rejoining the realm…

Still unreachable

The connection could not be restored.

Session expired

The server has moved on; the page needs a fresh start.